 Dungeon Crawl Stone Soup version 0.28.0 (webtiles) character file.

Game seed: 1074880451072025439

19 zynnq the Skirmisher (level 2, -2/27 HPs)
             Began as a Hill Orc Monk on Feb 16, 2022.
             Slain by an adder (5 damage)
             ... on level 2 of the Dungeon.
             The game lasted 00:01:18 (1798 turns).

zynnq the Skirmisher (Hill Orc Monk)                Turns: 1798, Time: 00:01:19

Health: -2/27      AC:  2    Str: 13    XL:     2   Next: 75%
Magic:  2/2        EV: 12    Int: 10    God:
Gold:   62         SH:  0    Dex: 13    Spells: 1/1 levels left

rFire   . . .      SeeInvis .   a - +0 spear
rCold   . . .      Faith    .   (no shield)
rNeg    . . .      Spirit   .   b - +0 robe
rPois   .          Reflect  .   (no helmet)
rElec   .          Harm     .   (no cloak)
rCorr   .          Rampage  .   (no gloves)
Will    .....                   (no boots)
Stlth   ++........              (no amulet)
HPRegen 0.09/turn               (no ring)
MPRegen 0.08/turn               (no ring)

@: lethally poisoned (-2 -> -6)
A: no striking features
a: no special abilities


You were on level 2 of the Dungeon.
You visited 1 branch of the dungeon, and saw 2 of its levels.

You collected 62 gold pieces.

Inventory:

Hand Weapons
 a - a +0 spear (weapon)
Armour
 b - a +0 robe (worn)
Scrolls
 e - a scroll of identify {unknown}
 f - a scroll of magic mapping {unknown}
 h - 2 scrolls of enchant weapon {unknown}
Potions
 c - 2 potions of curing {unknown}
 d - a potion of magic {unknown}
 g - a potion of haste {unknown}


   Skills:
 * Level 4.0 Fighting
 + Level 3.5 Polearms
 * Level 0.2 Armour
 + Level 2.5 Dodging
 + Level 1.6 Stealth
 * Level 1.1 Invocations


You had one spell level left.
You didn't know any spells.
Your spell library contained the following spells:

 Spells                   Type           Power      Damage    Failure   Level
 Call Canine Familiar     Summ           0%         N/A       75%         3
 Flame Wave               Conj/Fire      0%         2d4       98%         4
 Sticky Flame             Conj/Fire      0%         2d3       98%         4


Dungeon Overview and Level Annotations

Branches:
Dungeon (2/15)

Altars:
Elyvilon


Message History

You feel sick. The adder bites you.
You hit the adder.
The adder is heavily wounded.
You feel sick.
The adder bites you but does no damage. x2
You completely miss the adder.
The adder is heavily wounded.
You feel sick. The adder bites you but does no damage.
You completely miss the adder.
The adder is heavily wounded.
You feel sick.
You are no longer poisoned.
The adder completely misses you.
You miss the adder.
The adder is heavily wounded.
The adder bites you.
You barely miss the adder.
The adder is heavily wounded.
The adder bites you but does no damage.
You hit the adder but do no damage.
The adder is heavily wounded.
The adder barely misses you. The adder misses you.
You miss the adder.
The adder is heavily wounded.
The adder barely misses you.
You hit the adder.
The adder is severely wounded.
The adder bites you.
* * * LOW HITPOINT WARNING * * *
You are poisoned.
The adder poisons you!
You closely miss the adder.
The adder is severely wounded.
* * * LOW HITPOINT WARNING * * *
You feel sick. The adder bites you.
* * * LOW HITPOINT WARNING * * *
You barely miss the adder.
The adder is severely wounded.
* * * LOW HITPOINT WARNING * * *
You feel sick. The adder bites you.
You die...

#
..######################
........................
........#######.#####...
#....S@................
#.....#.######.#####...
.......#..# #.# ##<.
###.####..## #.########
..#.# #...# #.........
#.#.# #.#.# #.........
#.#.# #.#.## #.........
# #.#.# #.#..#
#......... ##. #.#.#
#.##.###.........


You could see an adder.

Vanquished Creatures
  2 dart slugs
  2 endoplasms
  2 giant cockroaches (D:1)
  2 goblins
  A hobgoblin (D:2)
  A kobold (D:2)
  A quokka (D:1)
  A ball python (D:1)
  2 bats (D:2)
14 creatures vanquished.

Notes
Turn   | Place    | Note
-------+----------+-------------------------------------------
     0 | D:1      | zynnq the Hill Orc Monk began the quest for the Orb.
     0 | D:1      | Reached XP level 1. HP: 19/19 MP: 1/1
   555 | D:1      | Reached XP level 2. HP: 23/27 MP: 2/2
   611 | D:1      | Found a faded altar of an unknown god.
  1118 | D:2      | Found a white marble altar of Elyvilon.
  1202 | D:2      | Got the Incunabulum of Igneous Summoning
  1273 | D:2      | Reached skill level 4 in Fighting
  1273 | D:2      | Reached skill level 1 in Invocations
  1798 | D:2      | Slain by an adder

Illustrated notes

Levels and vault maps discovered:
D:1:      psy_arrival_statuary, layout_basic,
          hellmonk_ecumenical_altar_inner_sanctum, moated_statue
D:2:      layout_basic, basic_altar

Skill      XL: |  1  2 |
---------------+-------+-----
Fighting       | 4 |  4.0
Invocations    | 1 |  1.1
Polearms       | |  3.5
Armour         | |  0.2
Dodging        | |  2.5
Stealth        | |  1.6

Action                   || total
-------------------------++-------
Melee: Spear             ||    75
       Punch             ||     3
 Stab: Sleeping          ||     5
Armor: Robe              ||     8
Dodge: Dodged            ||    28
